Map: [ESL] Oceanborn

Players

Clem - Winner!

  • Race: Terran Terran
  • Spawn Location: 11:00

HeroMarine

  • Race: Terran Terran
  • Spawn Location: 5:00

Event: ESL SC2 Masters 2024 Spring (Regional)

VOD

Have the link to the VOD?

Description

Time

  • Played on: May 4, 2024, 12:24 p.m.
  • Length: 16:55

All games in this series

Show
View Real Time Build Order
Export as new Build Order

Clem Terran - Winner!

Build Orders: Cyclone Opening 

Get SALT Encoding   

  12  0:00  SCV  
  13  0:12  SCV  
  14  0:17  Supply Depot  
  14  0:24  SCV  
  15  0:38  SCV  
  15  0:40  Barracks  
  15  0:42  Refinery  
  16  0:51  SCV  
  16  0:52  Refinery  
  17  1:03  SCV  
  18  1:15  SCV  
  19  1:27  Orbital Command, Reaper  
  19  1:32  Supply Depot  
  20  1:39  Factory  
  20  1:53  SCV  
  21  1:59  Reaper  
  22  2:05  SCV  
  23  2:16  Command Center  
  23  2:17  SCV  
  24  2:25  Hellion  
  24  2:29  SCV  
  27  2:33  Starport  
  27  2:38  Barracks Reactor  
  27  2:42  Supply Depot  
  27  2:43  SCV  
  28  2:50  Cyclone  
  30  2:55  SCV  
  31  3:08  SCV  
  31  3:10  Medivac  
  34  3:14  Marine x2  
  34  3:16  Refinery  
  36  3:20  SCV  
  36  3:26  Factory Tech Lab  
  37  3:28  Orbital Command  
  37  3:31  Marine  
  37  3:32  SCV, Marine  
  40  3:39  Liberator  
  43  3:44  SCV  
  44  3:49  Marine  
  44  3:50  Marine  
  44  3:54  Supply Depot  
  46  3:55  SCV  
  46  3:56  SCV  
  46  4:02  Siege Tank  
  51  4:08  SCV x2, Marine  
  54  4:13  Marine  
  53  4:20  SCV  
  53  4:22  Viking  
  51  4:24  SCV  
  50  4:32  SCV, Marine x2  
  50  4:36  SCV  
  54  4:40  Siege Tank  
  57  4:51  SCV  
  57  4:52  Viking  
  57  4:58  Marine  
  56  5:00  SCV  
  56  5:03  SCV  
  56  5:06  Marine  
  59  5:09  Supply Depot  
  59  5:12  SCV  
  57  5:14  Siege Tank  
  57  5:15  SCV  
  57  5:17  Refinery  
  62  5:26  Command Center  
  62  5:28  SCV  
  62  5:31  SCV  
  62  5:34  Marine  
  64  5:36  Viking  
  64  5:40  SCV  
  66  5:43  Viking  
  66  5:48  SCV  
  64  5:51  Marine  
  64  5:52  SCV  
  64  5:53  Siege Tank  
  68  5:57  Supply Depot  
  68  5:59  Refinery  
  68  6:00  SCV  
  69  6:04  SCV  
  70  6:14  SCV, Marine  
  70  6:15  Viking  
  70  6:16  SCV  
  70  6:18  Viking  
  65  6:26  SCV  
  65  6:28  SCV  
  65  6:30  Siege Tank  
  65  6:31  Barracks  
  65  6:32  Barracks Tech Lab, Barracks  
  70  6:38  SCV  
  71  6:40  SCV  
  70  6:50  SCV  
  70  6:51  Marine  
  70  6:52  SCV  
  70  6:53  Liberator, Viking  
  72  7:02  Orbital Command  
  72  7:03  SCV  
  72  7:08  Engineering Bay x2  
  73  7:09  Marine  
  73  7:13  Siege Tank  
  72  7:18  SCV  
  73  7:23  Viking  
  73  7:24  Barracks Reactor  
  73  7:26  Marine  
  73  7:27  Stimpack  
  74  7:30  SCV x2  
  74  7:32  Barracks Reactor  
  74  7:35  SCV, Supply Depot  
  77  7:41  Barracks  
  77  7:43  Barracks  
  77  7:46  SCV  
  77  7:47  Marine  
  77  7:48  SCV, Siege Tank  
  80  7:53  SCV  
  75  7:59  SCV  
  75  8:00  Marine  
  75  8:01  Marine  
  75  8:03  Terran Infantry Weapons Level 1  
  75  8:04  Terran Infantry Armor Level 1, Marine  
  75  8:05  SCV  
  80  8:08  Viking x2  
  80  8:10  SCV  
  80  8:11  SCV  
  80  8:12  Marine  
  87  8:17  Missile Turret  
  87  8:18  Marine  
  87  8:19  Marine, Missile Turret  
  88  8:21  Supply Depot  
  88  8:22  Missile Turret  
  88  8:24  Sensor Tower  
  89  8:27  Siege Tank  
  89  8:28  Marine  
  89  8:30  SCV x2  
  89  8:31  SCV  
  89  8:33  Refinery  
  96  8:34  Refinery  
  96  8:35  Barracks Reactor, Supply Depot  
  96  8:36  Barracks Reactor, Marine  
  96  8:37  Marine  
  96  8:38  Marine  
  96  8:41  Marine  
  99  8:42  SCV  
  99  8:43  SCV  
  99  8:44  SCV  
  99  8:46  Marine  
  99  8:47  Supply Depot  
  104  8:50  Supply Depot  
  104  8:54  Marine  
  104  8:55  SCV x2, Marine  
  108  9:03  Marine x2  
  108  9:04  Command Center  
  108  9:06  Siege Tank  
  108  9:07  Combat Shield  
  113  9:10  Medivac  
  113  9:11  Medivac  
  113  9:13  Marine  
  113  9:14  Marine  
  119  9:18  Armory  
  119  9:20  Supply Depot, Factory  
  119  9:21  Marine x2  
  121  9:24  Supply Depot, Marine  
  121  9:26  Marine x2  
  121  9:27  Marine  
  121  9:28  Marine  
  126  9:33  Supply Depot, Marine x2  
  128  9:39  Marine  
  128  9:40  Supply Depot, Marine  
  128  9:41  Supply Depot  
  128  9:42  Marine  
  128  9:43  Siege Tank  
  134  9:48  Marine  
  134  9:49  Marine x3  
  134  9:52  Medivac, Supply Depot  
  139  9:53  Marine  
  139  9:54  Marine  
  139  9:57  Supply Depot, Marine x2  
  143  10:00  Marine  
  143  10:06  Marine x2  
  145  10:11  SCV x3, Terran Infantry Weapons Level 2, Terran Infantry Armor Level 2  
  145  10:12  Supply Depot  
  148  10:14  Terran Vehicle Weapons Level 1  
  148  10:15  Marine x2  
  148  10:17  Marine x2  
  152  10:21  Siege Tank  
  152  10:23  Marine x2  
  152  10:28  Viking  
  159  10:29  Medivac  
  159  10:33  Siege Tank  
  159  10:34  Marine  
  164  10:35  Barracks Reactor  
  164  10:38  Marine x3  
  164  10:40  SCV  
  167  10:49  Marine  
  165  10:52  Marine  
  165  10:53  Siege Tank, Marine  
  165  10:56  Marine x2  
  165  10:57  Sensor Tower  
  170  10:59  Missile Turret  
  170  11:00  Planetary Fortress  
  170  11:04  Marine  
  170  11:05  Marine x2  
  170  11:07  SCV x2  
  170  11:08  Refinery  
  178  11:11  Siege Tank, Refinery  
  178  11:14  Viking  
  178  11:17  Viking  
  178  11:18  Marine x2  
  182  11:23  Marine  
  185  11:25  Siege Tank  
  185  11:27  Marine  
  185  11:28  Marine x2  
  185  11:29  Marine x2  
  188  11:33  Marine  
  188  11:34  Marine  
  188  11:36  Marine  
  188  11:42  Marine  
  188  11:43  Siege Tank  
  188  11:44  Starport, Viking  
  188  11:45  Starport  
  191  11:52  Viking  
  191  11:54  Marine x4  
  173  11:57  Marine x4  
  173  11:58  Siege Tank  
  184  12:05  Marine x2  
  186  12:10  Command Center  
  186  12:13  Marine x3  
  186  12:14  Marine  
  186  12:15  Siege Tank  
  193  12:20  Marine  
  193  12:21  Marine x2  
  196  12:27  Marine  
  196  12:28  Marine  
  192  12:30  Siege Tank  
  192  12:31  Starport Tech Lab x2  
  192  12:32  Viking x2  
  192  12:36  Terran Infantry Weapons Level 3  
  192  12:37  Marine  
  197  12:43  Marine  
  182  12:46  Terran Infantry Armor Level 3  
  182  12:47  Marine x3  
  182  12:48  Marine x3  
  181  12:54  Siege Tank, Marine x2  
  181  12:55  Marine  
  166  13:01  Marine  
  166  13:02  Siege Tank  
  166  13:04  Terran Vehicle Weapons Level 2, Marine  
  154  13:06  Raven  
  154  13:08  Raven  
  157  13:19  Medivac x2  
  161  13:20  Marine x7  
  161  13:21  Marine  
  161  13:25  Marine x2  
  169  13:31  Siege Tank  
  172  13:38  Marine x5  
  172  13:40  Marine  
  178  13:48  Raven  
  180  13:49  Medivac x2  
  180  13:51  Command Center  
  184  13:56  Raven  
  185  14:09  Siege Tank  
  189  14:10  Siege Tank  
  189  14:14  Marine x2  
  191  14:17  Marine x2  
  191  14:22  Raven  
  192  14:26  Marine x2, Viking x2  
  192  14:31  Raven, Marine  
  189  14:32  Marine x5  
  189  14:35  Marine  
  193  14:41  Starport  
  193  14:42  Siege Tank, Marine  
  193  14:44  Marine  
  197  14:48  Siege Tank, Marine  
  184  14:53  Interference Matrix  
  184  14:54  Marine  
  184  14:55  Marine, Viking  
  184  14:56  Raven  
  189  15:02  Marine x2  
  189  15:14  Siege Tank  
  189  15:16  Raven  
  189  15:20  Siege Tank  
  197  15:25  Sensor Tower  
  197  15:27  Refinery, Viking  
  196  15:31  Raven  
  196  15:33  Refinery  
  198  15:37  Starport Reactor  
  198  15:44  Sensor Tower  
  198  15:45  Missile Turret  
  194  15:50  Raven  
  194  15:52  Command Center  
  194  15:54  Refinery  
  192  16:04  Viking  
  192  16:05  Viking x2  
  195  16:16  Viking  
  195  16:24  Viking x2  
  175  16:26  Marine x2  
  175  16:27  Marine x2  
  175  16:28  Marine  
Show
View Real Time Build Order
Export as new Build Order

HeroMarine Terran 

Build Orders: Cyclone Opening 

Get SALT Encoding   

  12  0:00  SCV  
  13  0:12  SCV  
  14  0:16  Supply Depot  
  14  0:24  SCV  
  15  0:38  SCV, Barracks  
  16  0:43  Refinery  
  16  0:50  SCV  
  16  0:52  Refinery  
  17  1:02  SCV  
  18  1:14  SCV  
  19  1:26  Orbital Command, Reaper  
  19  1:29  Supply Depot  
  20  1:42  Factory  
  20  1:52  SCV  
  21  1:58  Reaper  
  22  2:04  SCV  
  23  2:16  SCV  
  23  2:21  Command Center  
  24  2:26  Cyclone  
  24  2:28  SCV  
  27  2:37  Starport  
  27  2:40  SCV  
  28  2:45  Supply Depot  
  28  2:47  Barracks Reactor  
  28  2:52  SCV  
  29  3:01  Cyclone  
  31  3:07  SCV  
  32  3:14  Medivac  
  32  3:19  SCV, Refinery  
  35  3:30  Marine  
  35  3:31  SCV  
  35  3:33  Orbital Command  
  37  3:39  Cyclone x2  
  41  3:43  SCV  
  41  3:45  Starport Tech Lab  
  42  3:55  SCV, Supply Depot  
  43  3:56  Marine  
  43  3:58  SCV  
  45  4:06  Raven  
  45  4:07  SCV  
  48  4:11  SCV  
  48  4:15  Cyclone x2  
  53  4:21  SCV  
  53  4:23  SCV  
  47  4:32  Interference Matrix  
  47  4:33  SCV  
  47  4:35  SCV  
  49  4:44  Raven  
  49  4:45  SCV  
  52  4:47  SCV  
  52  4:49  Command Center  
  53  4:57  SCV  
  53  4:59  SCV  
  51  5:07  Factory Tech Lab  
  51  5:09  SCV  
  51  5:11  SCV, Marine  
  51  5:12  Marine  
  52  5:17  Supply Depot  
  52  5:18  Raven  
  54  5:21  SCV  
  54  5:23  SCV  
  54  5:26  Barracks  
  54  5:27  Siege Tank  
  54  5:28  Barracks  
  59  5:34  SCV  
  59  5:35  SCV  
  59  5:40  Marine x2  
  61  5:46  SCV  
  61  5:47  SCV  
  59  5:57  Refinery  
  59  5:58  SCV, Supply Depot  
  59  5:59  SCV, Siege Tank  
  64  6:04  Orbital Command  
  64  6:05  Viking  
  64  6:06  Viking  
  64  6:10  SCV  
  69  6:11  Stimpack, Marine  
  69  6:12  SCV  
  65  6:22  SCV, Marine x2  
  65  6:24  SCV  
  66  6:29  Marine  
  66  6:31  Orbital Command  
  67  6:33  Siege Tank  
  67  6:35  SCV  
  67  6:36  SCV  
  67  6:38  Viking  
  74  6:41  Viking  
  77  6:47  SCV  
  77  6:48  SCV  
  72  6:55  Marine  
  72  6:56  Barracks Reactor x2  
  72  6:59  SCV  
  72  7:01  SCV x2  
  71  7:11  SCV  
  71  7:12  Viking x2  
  71  7:13  SCV x2, Siege Tank, Marine  
  71  7:23  SCV  
  71  7:25  SCV  
  69  7:31  Marine  
  69  7:34  Engineering Bay  
  69  7:36  Engineering Bay, Marine  
  69  7:37  Marine x3  
  71  7:42  Orbital Command  
  73  7:44  Barracks  
  73  7:45  Siege Tank, Barracks  
  73  7:48  Marine  
  73  7:50  SCV x2  
  73  7:51  Combat Shield  
  77  7:54  Marine x4  
  77  7:59  Medivac x2  
  77  8:02  SCV x2  
  83  8:06  Marine  
  83  8:08  SCV  
  83  8:12  Terran Infantry Weapons Level 1, Marine x4  
  86  8:14  SCV x2, Supply Depot  
  86  8:16  Supply Depot  
  91  8:21  SCV  
  91  8:24  Marine  
  93  8:29  Supply Depot  
  93  8:35  SCV x3, Siege Tank, Marine x2  
  93  8:36  Refinery  
  93  8:37  Barracks Reactor x2, Refinery, Marine  
  93  8:39  Marine  
  103  8:42  Marine  
  103  8:44  Terran Infantry Armor Level 1, Supply Depot  
  103  8:48  SCV x3  
  107  8:53  Marine x2  
  107  8:55  Marine  
  109  9:00  SCV x3, Sensor Tower, Marine  
  115  9:05  Supply Depot  
  115  9:09  Siege Tank  
  78  9:10  Medivac  
  118  9:11  Marine  
  118  9:13  Medivac, Marine  
  118  9:15  Marine  
  125  9:20  Supply Depot  
  125  9:21  Barracks Reactor, Supply Depot  
  125  9:22  Marine  
  125  9:25  Command Center  
  125  9:26  Marine x4  
  125  9:30  Marine  
  125  9:31  Marine  
  130  9:33  Supply Depot  
  130  9:36  Armory  
  131  9:39  Factory  
  131  9:42  Siege Tank  
  134  9:49  Supply Depot x2, Viking x2  
  134  9:50  Marine x2  
  140  9:54  Marine x2  
  140  9:55  Marine x3  
  140  9:56  Marine  
  140  9:58  Marine x2  
  148  10:02  SCV x3  
  150  10:08  Marine x2  
  150  10:12  Marine x2  
  150  10:13  Marine x2  
  156  10:14  Siege Tank  
  156  10:19  Viking x2  
  161  10:23  Siege Tank  
  161  10:25  Marine  
  161  10:26  Marine  
  166  10:28  SCV x2  
  166  10:29  SCV  
  166  10:31  Terran Infantry Weapons Level 2  
  166  10:32  Terran Vehicle Weapons Level 1  
  169  10:40  SCV  
  169  10:41  SCV x2  
  172  10:46  Siege Tank  
  172  10:49  Viking x2  
  177  10:54  Marine x7  
  177  10:55  Siege Tank  
  169  10:58  Refinery  
  169  11:01  Planetary Fortress  
  169  11:02  Marine  
  169  11:03  Refinery  
  170  11:15  Marine x3  
  170  11:18  Siege Tank, Sensor Tower, Missile Turret  
  173  11:19  Viking  
  173  11:22  Marine x4  
  173  11:23  Viking  
  183  11:31  Siege Tank  
  173  11:36  Terran Infantry Armor Level 2  
  168  11:41  Marine x2  
  168  11:43  Marine  
  168  11:45  Marine  
  168  11:46  Marine x3  
  163  11:48  Marine x3  
  163  11:49  Viking  
  163  11:50  Siege Tank  
  163  11:52  Viking  
  161  11:59  Marine x2  
  161  12:01  Starport, Marine  
  164  12:02  Starport, Marine  
  164  12:03  Siege Tank, Marine  
  164  12:04  Marine  
  164  12:07  Command Center  
  170  12:12  Missile Turret  
  170  12:18  Command Center  
  170  12:19  Viking  
  172  12:22  Viking  
  172  12:29  Siege Tank  
  177  12:35  Siege Tank  
  174  12:49  Viking  
  168  12:52  Marine x2, Viking  
  168  12:54  Marine  
  168  12:55  Marine x3  
  168  12:56  Marine x2, Viking  
  168  12:57  Marine x2, Viking  
  158  13:01  Siege Tank  
  151  13:09  Marine x2  
  151  13:12  Marine x2  
  156  13:13  Marine x2  
  156  13:14  Marine x2  
  156  13:15  Marine x2  
  156  13:19  Viking  
  166  13:22  Viking  
  166  13:23  Terran Infantry Weapons Level 3  
  163  13:27  Marine x2  
  163  13:30  Marine  
  168  13:36  Terran Vehicle Weapons Level 2  
  158  13:49  Armory  
  158  13:51  Siege Tank x2, Fusion Core, Viking  
  158  13:52  Barracks Reactor x2, Marine x2, Viking  
  170  14:03  Viking x4  
  178  14:19  Planetary Fortress  
  178  14:21  Viking  
  178  14:22  Marine x2, Viking  
  181  14:30  Siege Tank x2  
  187  14:31  Marine  
  187  14:32  Marine, Viking  
  187  14:33  Viking  
  187  14:38  Marine x2  
  195  14:41  Viking x2  
  195  14:42  Terran Vehicle And Ship Armor Level 1  
  195  14:44  Advanced Ballistics  
  199  14:48  Marine x2  
  182  14:55  Orbital Command  
  182  14:58  Marine  
  171  15:00  Marine  
  171  15:02  Siege Tank x2  
  171  15:04  Marine x2  
  180  15:14  Liberator x2  
  180  15:16  Liberator  
  180  15:20  Refinery  
  180  15:21  Refinery  
  189  15:24  Missile Turret  
  189  15:25  Liberator  
  192  15:30  Liberator  
  192  15:34  Liberator  
  195  15:53  Sensor Tower  
  195  15:57  Liberator, Viking  
  195  16:01  Marine x2  
  190  16:07  Viking  
  190  16:08  Siege Tank x2  
  195  16:13  Marine  
  195  16:14  Marine  
  195  16:16  Marine x2  
  155  16:33  Factory  
Tags
 
Add a new tag
Caveats
  • Supply blocks, unpowered buildings, or Contaminate may cause inaccurate times.
  • Supply counts are checked every 10 seconds.